 Dungeon Crawl Stone Soup version 0.30.1-9-gdf580d7c3d (webtiles) character file.

Game seed: 3924614515101357354

168 Cheops the Conjurer (level 5, -1/42 HPs)
             Began as a Naga Fire Elementalist on Oct 13, 2023.
             Slain by a gnoll
             ... wielding a +2 halberd of protection
              (11 damage)
             ... on level 4 of the Dungeon.
             The game lasted 00:07:20 (3399 turns).

Cheops the Conjurer (Naga Fire Elementalist)        Turns: 3399, Time: 00:07:20

Health: -1/42      AC:  3    Str: 10    XL:     5   Next: 49%
Magic:  9/9        EV:  9    Int: 18    God:
Gold:   241        SH:  0    Dex: 11    Spells: 0/10 levels left

rFire   . . .        a - +2 dagger (drain)
rCold   . . .        (no shield)
rNeg    . . .        e - +0 robe
rPois   +            (no helmet)
rElec   .            m - +0 cloak
rCorr   .            (no gloves)
SInv    +            (no barding)
Will    .....        (no amulet)
Stlth   ++           (no ring)
HPRegen 0.27/turn    (no ring)
MPRegen 0.11/turn

%: no passive effects
@: very slow
A: AC +1, large, see invisible, deformed body, poison resistance, slowness 2,
spit poison 1, naga tail 1
a: Spit Poison


You were on level 4 of the Dungeon.
You visited 1 branch of the dungeon, and saw 4 of its levels.

You collected 241 gold pieces.

Inventory:

Hand Weapons
 a - a +2 dagger of draining (weapon)
Missiles
 i - a throwing net
Armour
 e - a +0 robe (worn)
 m - a +0 cloak (worn)
 t - a +2 buckler
Jewellery
 d - an amulet of guardian spirit
 x - an amulet of faith
Wands
 w - a wand of digging (6)
Scrolls
 c - 2 scrolls of enchant armour {unknown}
 f - 2 scrolls of teleportation {unknown}
 k - a scroll of identify {unknown}
 n - a scroll of magic mapping {unknown}
 p - a scroll of butterflies {unknown}
 q - a scroll of amnesia {unknown}
 s - 2 scrolls of fear {unknown}
 v - a scroll of silence {unknown}
Potions
 b - a potion of magic
 g - a potion of degeneration {unknown}
 h - 2 potions of flight {unknown}
 j - a potion of resistance {unknown}
 l - 3 potions of mutation {unknown}
 o - a potion of attraction {unknown}
 r - a potion of might {unknown}
 u - a potion of curing {unknown}


   Skills:
 - Level 1.5 Dodging
 - Level 3.0 Stealth
 - Level 3.0 Spellcasting
 - Level 4.0 Conjurations
 + Level 3.7 Fire Magic


You couldn't memorise any spells.
You knew the following spells:

 Your Spells              Type           Power      Damage    Failure   Level
a - Foxfire               Conj/Fire      64%        2x1d7     3%          1
b - Scorch                Fire           32%        2d6       5%          2
c - Inner Flame           Hex/Fire       9%         N/A       22%         3
w - Flame Wave            Conj/Fire      16%        2d7       32%         4

Your spell library contained the following spells:

 Spells                   Type           Power      Damage    Failure   Level
 Shock                    Conj/Air       36%        1d5       7%          1
 Stone Arrow              Conj/Erth      18%        3d8       22%         3
 Volatile Blastmotes      Fire/Tloc      18%        2d11      22%         3
 Ensorcelled Hibernation  Hex/Ice        4%         N/A       24%         2
 Passwall                 Tmut/Erth      1%         N/A       24%         2
 Swiftness                Air            2%         N/A       43%         3
 Vhi's Electric Charge    Tloc/Air       4%         N/A       43%         3
 Airstrike                Air            1%         2d(1-17)  85%         4
 Animate Armour           Summ/Erth      4%         N/A       85%         4
 Arcjolt                  Conj/Air       4%         1d14      89%         5
 Plasma Beam              Fire/Air       4%         2x1d16    100%        6
 Lehudib's Crystal Spear  Conj/Erth      4%         10d3      100%        8


Dungeon Overview and Level Annotations

Branches:
Dungeon (4/15)
 Temple: D:4-7

Altars:
Hepliaklqana


Innate Abilities, Weirdness & Mutations

Your serpentine skin is tough. (AC +1)
You have supernaturally acute eyesight. (SInv)
Armour fits poorly on your strangely shaped body.
Your system is resistant to poisons. (rPois)
You cover ground very slowly.
You can spit poison.
You have a snake-like lower body.


Message History

Okay, then.
The orc shouts!
The orc wizard shouts!
The orc shouts!
The orc wizard shouts! x2
You climb upwards.
There is a stone staircase leading down here.
There is a stone staircase leading down here.
You climb downwards.
Found four items.
There is a stone staircase leading up here.
An orc comes into view. It is wielding a +0 short sword.
The orc shouts!
Casting: Scorch (safe; 5% risk of failure)
Confirm with . or Enter, or press ? or * to list all spells.
Flames lash the orc.
You kill the orc!
Casting: Scorch (safe; 5% risk of failure)
Confirm with . or Enter, or press ? or * to list all spells.
You conjure some foxfire!
Your foxfire dissipates!
Found a scroll labelled BULAFU QUDWYODD and 9 gold pieces.
Found a scroll labelled VOM GUOWKIMA.
You start resting.
Magic restored.
You now have 241 gold pieces (gained 9). 2 gnolls come into view.
A gnoll is wielding a +2 halberd of protection.
The gnoll shouts!
A gnoll comes into view. It is wielding a +0 flail.
The gnoll shouts!
You hear a shout!
The gnoll barely misses you.
A gnoll comes into view. It is wielding a +0 flail.
The gnoll closely misses you. The gnoll attacks as you move away!
The gnoll hits you with a +0 whip! The gnoll hits you with a +0 whip.
The gnoll barely misses you. The gnoll attacks as you move away!
The gnoll hits you with a +0 whip. The gnoll hits you with a +0 whip.
The gnoll hits you from afar with a +2 halberd of protection!
* * * LOW HITPOINT WARNING * * *
The gnoll barely misses you.
The gnoll hits you from afar with a +2 halberd of protection!
You die...

.. #..# #).....?###.#
...#..# #...###.....#
.....<####...........#
.#...........###.#####
#...........# #.#
#.#.......§.# #.#
#.#(.....§..###.######
# #.....v..###...ggg.#
#........##..@g###.#
..........##....# #.#
.#..............# #.#
....##...# #.# ....
#.### #g# ... .. #.#
.. ### #g# #.#


You could see 4 gnolls.

Vanquished Creatures
  Crazy Yiuf (D:3)
  Terence (D:3)
  2 adders
  5 worms
  3 dart slugs
  2 orcs
  5 ball pythons
  9 endoplasms
  3 giant cockroaches (D:1)
  2 goblins
  5 hobgoblins
  3 jackals (D:1)
  10 kobolds
  3 quokkas
  4 bats
  6 frilled lizards
  12 rats (D:1)
76 creatures vanquished.

Vanquished Creatures (others)
  188 foxfires
188 creatures vanquished.

Grand Total: 264 creatures vanquished

Notes
Turn   | Place    | Note
-------+----------+-------------------------------------------
     0 | D:1      | Cheops the Naga Fire Elementalist began the quest for the
                  | Orb.
     0 | D:1      | Reached XP level 1. HP: 15/15 MP: 3/3
   124 | D:1      | Reached XP level 2. HP: 20/22 MP: 2/5
   427 | D:1      | Learned a level 2 spell: Scorch
   635 | D:1      | Reached XP level 3. HP: 28/28 MP: 5/7
   947 | D:1      | Reached skill level 2 in Conjurations
  1611 | D:2      | Reached XP level 4. HP: 36/36 MP: 6/8
  1638 | D:2      | Reached skill level 3 in Conjurations
  2140 | D:2      | Learned a level 3 spell: Inner Flame
  2357 | D:3      | Found a runed translucent door.
  2358 | D:3      | Noticed Crazy Yiuf
  2926 | D:3      | Found a hazy altar of Hepliaklqana.
  2952 | D:3      | Noticed Terence
  2961 | D:3      | Killed Terence
  2962 | D:3      | Reached skill level 4 in Conjurations
  2962 | D:3      | Reached XP level 5. HP: 38/42 MP: 1/9
  3215 | D:3      | Killed Crazy Yiuf
  3296 | D:3      | Learned a level 4 spell: Flame Wave
  3399 | D:4      | Slain by a gnoll

Illustrated notes

Levels and vault maps discovered:
D:1:      psy_arrival_dodecagon, layout_loops_corners, minmay_rat_gold_closets
D:2:      layout_rooms, minmay_bisected
D:3:      layout_rooms, nzn_hepliaklqana_mist_gate, kennysheep_generic_room_16,
          uniq_terence, uniq_crazy_yiuf_cottage
D:4:      layout_basic, kennysheep_generic_room_5, uniq_pikel

Skill      XL: |  1  2  3  4 |
---------------+-------------+-----
Spellcasting   | 3 |  3.0
Conjurations   | 2 4 |  4.0
Dodging        | |  1.5
Stealth        | |  3.0
Fire Magic     | |  3.7

Action                     |  1- 3 |  4- 6 || total
---------------------------+-------+-------++-------
  Melee: Dagger            |    14 |     5 ||    19
         Unarmed           |     1 |       ||     1
   Cast: Foxfire           |    57 |    49 ||   106
         Scorch            |     3 |    16 ||    19
Ability: Spit Poison       |    10 |     3 ||    13
   Stab: Sleeping          |     2 |       ||     2
 Armour: Robe              |    11 |     5 ||    16
  Dodge: Dodged            |    12 |    10 ||    22
